 Dungeon Crawl Stone Soup version 0.14-a0-1773-ge500af7 (webtiles) character file.

69 Piginabag the Insei (level 3, 0/23 HPs)
             Began as an Octopode Transmuter on Jan 6, 2014.
             Succumbed to a worker ant's poison
             ... on Level 1 of the Dungeon.
             The game lasted 00:02:35 (1001 turns).

Piginabag the Insei (Octopode Transmuter)           Turns: 1001, Time: 00:02:35

HP   0/23        AC  1     Str  9      XL: 3   Next: 93%
MP   3/6         EV 12     Int 15      God:
Gold 14          SH  0     Dex 13      Spells:  2 memorised,  2 levels left

rFire  . . .     SeeInvis .       - Unarmed
rCold  . . .     Clarity  .     (no shield)
rNeg   . . .     Conserve .     (helmet restricted)
rPois  .         rCorr    .     (no amulet)
rElec  .         rRot     .     (no ring)
SustAb . .       Spirit   .     (no ring)
rMut   .         Warding  .     (no ring)
Saprov . . .     Stasis   .     (no ring)
                                (no ring)
                                (no ring)
                                (no ring)
                                (no ring)

@: flying, mildly poisoned, very slightly contaminated, not resistant to hostile
enchantments, stealthy
A: almost no armour, amphibious, 8 rings, constrict 8, camouflage 1, gelatinous
body 1
a: no special abilities


You were on level 1 of the Dungeon.
You were hungry.

You visited 1 branch of the dungeon, and saw 1 of its levels.

You collected 14 gold pieces.

Inventory:

Missiles
 b - 12 arrows
Comestibles
 a - a bread ration
 c - a lychee
Scrolls
 e - a scroll of curse weapon {unknown}
 f - 2 scrolls of identify {unknown}
 g - a scroll of enchant armour {unknown}
 h - a scroll of magic mapping {unknown}
Potions
 i - a potion of flight
Books
 d - a book of Changes

   Spells                             Type                      Level
   *Beastly Appendage                 Transmutation                1
   Sticks to Snakes                   Transmutation                2
   *Spider Form                       Transmutation/Poison         3
   Ice Form                           Ice/Transmutation            4
   Blade Hands                        Transmutation                5


   Skills:
 + Level 1.2 Fighting
 + Level 2.5 Dodging
 + Level 0.4 Stealth
 + Level 3.4 Unarmed Combat
 + Level 2.3 Spellcasting
 + Level 2.8 Transmutations
 + Level 0.2 Poison Magic


You had 2 spell levels left.
You knew the following spells:

 Your Spells              Type           Power        Failure   Level  Hunger
a - Beastly Appendage     Trmt           ##....       10%         1    #......
b - Spider Form           Trmt/Pois      #.........   34%         3    ####...


Dungeon Overview and Level Annotations

Branches:
Dungeon (1/16)

Altars:


Innate Abilities, Weirdness & Mutations

You cannot wear most types of armour.
You are amphibious.
You can wear up to eight rings at the same time.*
You can use your tentacles to constrict many enemies at once.*
Your skin changes colour to match your surroundings (Stlth).*
Your rubbery body absorbs attacks (AC +1).*


Message History

Drink which item? (? for menu, Esc to quit)
You feel very buoyant.
You fly up into the air.
It was a potion of flight.
You start resting.
* * * LOW HITPOINT WARNING * * *
You feel sick.
You start resting.
* * * LOW HITPOINT WARNING * * *
You feel sick.
You start resting.
* * * LOW HITPOINT WARNING * * *
You feel sick.
You start resting.
* * * LOW HITPOINT WARNING * * *
You feel sick.
You start resting.
* * * LOW HITPOINT WARNING * * *
You feel sick.
You start resting.
You die...

.# #...#.####.####.........#.# .#
#...#.# #%# ###.#######.# .#
#...#.# #.# #.# #.# .# #...#.#
#.# #.# #.# .# ###.#.# #.# #.#
#.# .# #>#.# #.# #.# #.# .# #.#.#
#.# #.# #.# .#
#.#.####.######.#######.#### .#
#..........@....(........... .#
###.####.######.#######.#### .#
#.# #.# #.# #.# .#######.# #.#
#.# #.#
.##......####.######.#######.####
)##..............................
.##......####.######%#######..###
.##......# #.# #.# #...#
.##......# #.# #.# #####...##


There were no monsters in sight!

Vanquished Creatures
  A worker ant (D:1)
  2 giant geckos (D:1)
  2 giant cockroaches (D:1)
  9 goblins (D:1)
  5 hobgoblins (D:1)
  A bat (D:1)
  A giant newt (D:1)
  A kobold (D:1)
  4 rats (D:1)
26 creatures vanquished.

Notes
Turn   | Place    | Note
--------------------------------------------------------------
     0 | D:1      | Piginabag, the Octopode Transmuter, began the quest for the Orb.
     0 | D:1      | Reached XP level 1. HP: 13/13 MP: 3/3
    59 | D:1      | Reached XP level 2. HP: 9/18 MP: 2/4
   728 | D:1      | Reached XP level 3. HP: 21/23 MP: 6/6
   733 | D:1      | Learned a level 3 spell: Spider Form
  1000 | D:1      | HP: 1/23 [poisoned by a worker ant]
  1001 | D:1      | Succumbed to a worker ant's poison

Action                   || total
-------------------------++-------
Melee: Unarmed           ||    51
 Cast: Beastly Appendage ||    13
  Use: Potion            ||     1
 Stab: Sleeping          ||     2
